 Dungeon Crawl Stone Soup version 0.24.0-37-gcf1ca852f1 (webtiles) character file.

Game seed: 5673951032142985473, levelgen mode: deterministic

84 Kobolds4U the Conjurer (level 4, 0/26 HPs)
             Began as a Deep Elf Conjurer on Dec 6, 2019.
             Slain by a phantom (8 damage)
             ... on level 3 of the Dungeon.
             The game lasted 00:09:55 (2460 turns).

Kobolds4U the Conjurer (Deep Elf Conjurer)          Turns: 2460, Time: 00:09:56

Health: 0/26       AC:  3    Str:  6    XL:     4   Next: 23%
Magic:  12/12      EV: 13    Int: 20    God:
Gold:   120        SH:  0    Dex: 15    Spells: 5/11 levels left

rFire    . . .     SeeInvis +   p - +0 rapier
rCold    . . .     Gourm    .   (no shield)
rNeg     . . .     Faith    .   a - +0 robe
rPois    .         Spirit   .   (no helmet)
rElec    .         Reflect  .   (no cloak)
rCorr    .         Harm     .   q - +0 pair of gloves (curse)
MR       .....                  (no boots)
Stlth    ++........             (no amulet)
HPRegen  0.08/turn              d - ring of see invisible
MPRegen  0.13/turn              t - ring of flight

@: no status effects
A: no striking features
a: Evoke Flight


You were on level 3 of the Dungeon.
You were not hungry.

You visited 1 branch of the dungeon, and saw 3 of its levels.

You collected 120 gold pieces.

Inventory:

Hand Weapons
 p - a +0 rapier (weapon)
 s - a +1 short sword of draining
Armour
 a - a +0 robe (worn)
 q - a cursed +0 pair of gloves (worn)
 r - a +0 leather armour
Jewellery
 d - a ring of see invisible (left hand)
 t - a ring of flight (right hand)
Scrolls
 b - 3 scrolls of remove curse {unknown}
 e - a scroll of magic mapping {unknown}
 f - a scroll of enchant weapon {unknown}
 g - 4 scrolls of teleportation {unknown}
 k - 5 scrolls of identify {unknown}
 n - a scroll of fog {unknown}
Potions
 h - 3 potions of curing {unknown}
 i - 2 potions of haste {unknown}
 j - a potion of might {unknown}
 l - a potion of brilliance {unknown}
 m - a potion of flight {unknown}
Comestibles
 c - 6 rations


   Skills:
 - Level 2.0 Fighting
 + Level 0.8 Short Blades
 - Level 2.4 Dodging
 - Level 2.4 Stealth
 - Level 4.0 Spellcasting
 - Level 4.3 Conjurations
 + Level 2.3 Hexes


You had 5 spell levels left.
You knew the following spells:

 Your Spells              Type           Power        Failure   Level  Hunger
a - Magic Dart            Conj           ###.         2%          1    None
b - Searing Ray           Conj           ###...       3%          2    #......
c - Dazzling Spray        Conj/Hex       ###...       10%         3    ###....

Your spell library contained the following spells:

 Spells                   Type           Power        Failure   Level  Hunger
 Iskenderun's Mystic Bla  Conj           ###.....     22%         4    ####...
 Fulminant Prism          Conj/Hex       ###.......   32%         4    ####...
 Force Lance              Conj/Tloc      ##......     45%         4    ####...


Dungeon Overview and Level Annotations

Branches:
Dungeon (3/15)

Altars:

Annotations:
D:2 1 runed translucent door, exclusion: door, Crazy Yiuf


Message History

You are too injured to fight recklessly!
The phantom blinks!
The phantom hits you.
You hit the phantom but do no damage.
The phantom is moderately damaged.
The phantom hits you but does no damage.
The phantom barely misses you.
You closely miss the phantom.
The phantom is lightly damaged.
The phantom barely misses you.
You hit the phantom.
The phantom is moderately damaged.
The phantom hits you.
You hit the phantom.
The phantom is moderately damaged.
The phantom misses you.
The phantom hits you but does no damage.
The phantom blinks!
The phantom hits you!
You die...

#...###.......
############## #
#...........#. ####.
#.#########.#. .
##.#.###.....#...(.#.
..##......#####.#.######
........#.'.....#.......
.........###############
......W@###.#.#..###
.........ยง..........
.####.###..........g ##
############


You could see a phantom.

Vanquished Creatures
  An adder (D:2)
  An ooze (D:1)
  3 worms
  A dart slug (D:1)
  2 leopard geckos
  8 bats
  5 giant cockroaches
  A goblin (D:1)
  6 hobgoblins
  3 jackals (D:1)
  14 kobolds
  7 frilled lizards
  A rat (D:1)
53 creatures vanquished.

Notes
Turn   | Place    | Note
-------+----------+-------------------------------------------
     0 | D:1      | Kobolds4U the Deep Elf Conjurer began the quest for the
                  | Orb.
     0 | D:1      | Reached XP level 1. HP: 10/10 MP: 6/6
   212 | D:1      | Reached skill level 1 in Fighting
   213 | D:1      | Reached XP level 2. HP: 16/16 MP: 4/8
   643 | D:1      | Learned a level 2 spell: Searing Ray
   780 | D:1      | Reached XP level 3. HP: 20/20 MP: 7/10
   785 | D:1      | Learned a level 3 spell: Dazzling Spray
  1177 | D:2      | Reached skill level 1 in Hexes
  1793 | D:2      | Reached XP level 4. HP: 26/26 MP: 9/12
  1844 | D:2      | Found a runed translucent door.
  1845 | D:2      | Noticed Crazy Yiuf
  2252 | D:3      | Found a faded altar of an unknown god.
  2440 | D:3      | Noticed a phantom
  2460 | D:3      | Slain by a phantom

Levels and vault maps discovered:
D:1:      zelgadis_glass_arrival_small, layout_loops_ring
D:2:      layout_loops_cross, uniq_crazy_yiuf_cottage
D:3:      layout_loops_ring, first_ration,
          chequers_ecumenical_altar_simple_redux, roderic_serpentine_path,
          st_stairs_4, uniq_ijyb

Skill      XL: |  1  2  3  4 |
---------------+-------------+-----
Fighting       | 1 2 |  2.0
Spellcasting   | 4 |  4.0
Hexes          | 1 2 |  2.3
Short Blades   | |  0.8
Dodging        | |  2.4
Stealth        | |  2.4
Conjurations   | |  4.3

Action                   |  1- 3 |  4- 6 || total
-------------------------+-------+-------++-------
Melee: Unarmed           |     6 |       ||     6
       Rapier            |       |    24 ||    24
 Cast: Magic Dart        |    83 |     4 ||    87
       Searing Ray       |     1 |     2 ||     3
 Stab: Sleeping          |       |     4 ||     4
  Eat: Chunk             |     3 |     2 ||     5
Armor: Robe              |     4 |     5 ||     9
Dodge: Dodged            |    23 |     8 ||    31
